 Dungeon Crawl Stone Soup version 0.23.0-3-gf3c87f2 (webtiles) character file.

Game seed: 16251498365507992154

17811 inmateoo the Grappler (level 12, -1/88 HPs)
             Began as a Mummy Fighter on Feb 21, 2019.
             Was a High Priest of Cheibriados.
             Slain by a large abomination (10 damage)
             ... on level 2 of the Abyss.
             The game lasted 00:16:31 (13254 turns).

inmateoo the Grappler (Mummy Fighter)              Turns: 13254, Time: 00:16:31

Health: -1/88      AC: 20    Str: 35    XL:     12   Next: 22%
Magic:  11/16      EV:  9    Int: 19    God:    Cheibriados [*****.]
Gold:   564        SH: 13    Dex: 25    Spells: 11/11 levels left

rFire    . . .     SeeInvis .   t - +1 falchion (elec)
rCold    . . .     Gourm    .   c - +0 shield
rNeg     + + +     Faith    .   o - +5 plate armour {ponderous}
rPois    ∞         Spirit   .   (no helmet)
rElec    .         Reflect  .   (no cloak)
rCorr    +         Harm     .   k - +2 pair of gloves
MR       +....                  (no boots)
Stlth    ..........             s - amulet of regeneration
HPRegen  0.64/turn              f - ring of fire
MPRegen  0.15/turn              m - ring of resist corrosion

@: liquid flames, glowing, very slow
A: no food or potions, fire vulnerability, cold resistance 1, negative energy
resistance 3, torment resistance, unbreathing
a: Bend Time, Temporal Distortion, Slouch, Step From Time, Renounce Religion


You were on level 2 of the Abyss.
You worshipped Cheibriados.
Cheibriados was extremely pleased with you.
You were not hungry.

You visited 2 branches of the dungeon, and saw 13 of its levels.
You visited the Abyss 1 time.

You collected 864 gold pieces.
You spent 300 gold pieces at shops.

Inventory:

Hand Weapons
 t - a +1 falchion of electrocution (weapon)
Missiles
 g - 2 throwing nets (quivered)
Armour
 c - a +0 shield (worn)
 k - a +2 pair of gloves (worn)
 o - a +5 plate armour of ponderousness (worn)
 r - a +0 large shield
Jewellery
 f - a ring of fire (left hand)
 m - a ring of resist corrosion (right hand)
 s - an amulet of regeneration (around neck)
Wands
 a - a wand of enslavement (2)
 d - a wand of disintegration (32)
 l - a wand of paralysis (4)
 v - a wand of digging (2)
Scrolls
 b - 8 scrolls of identify
 e - 6 scrolls of magic mapping
 h - a scroll of enchant armour
 i - 4 scrolls of teleportation
 j - 4 scrolls of enchant weapon
 n - a scroll of blinking
 p - a scroll of remove curse
 q - 2 scrolls of fear
 u - 2 scrolls of fog
 w - a scroll of amnesia {unknown}


   Skills:
 - Level 6.0 Fighting
 - Level 6.1 Long Blades
 - Level 5.0 Armour
 - Level 4.0 Dodging
 - Level 5.0 Shields
 * Level 12.0 Unarmed Combat
 - Level 6.0 Invocations


You had 11 spell levels left.
You didn't know any spells.
Your spell library contained the following spells:

 Spells                   Type           Power        Failure   Level  Hunger
 Animate Skeleton         Necr           N/A          99%         1    N/A
 Pain                     Necr           #...         99%         1    N/A
 Vampiric Draining        Necr           #.........   100%        3    N/A
 Animate Dead             Necr           N/A          100%        4    N/A
 Regeneration             Chrm/Necr      Unusable     N/A         3    N/A

Dungeon Overview and Level Annotations

Branches:
Dungeon (12/15)            Temple (0/1) D:7            Lair (0/6) D:11
    Orc (1/2) D:11

Altars:
Ashenzari
Cheibriados
Elyvilon
Nemelex Xobeh
Okawaru
Qazlal
Sif Muna
Uskayaw
Vehumet
Xom
Zin

Shops:
D:7 [

Annotations:
D:9 3 runed translucent doors, TBriggs11TB's ghost, novice DsBe


Innate Abilities, Weirdness & Mutations

You do not eat or drink.
Your flesh is vulnerable to fire.
You are immune to poison.
Your flesh is cold resistant. (rC+)
You are immune to negative energy. (rN+++)
You are immune to unholy pain and torment.
You can survive without breathing.


Message History

The chaos spawn gores you but does no damage.
Unknown command.
You hit the chaos spawn but do no damage.
The chaos spawn is severely wounded.
The smoke demon gestures at you. The sticky flame hits you.
You are covered in liquid flames!
The large abomination closely misses you.
You riposte.
You slash the large abomination!
The large abomination is heavily damaged.
The large abomination hits you!! The chaos spawn closely misses you.
You hit the chaos spawn but do no damage.
The chaos spawn is severely wounded.
You are covered in liquid flames!
You block the smoke demon's attack. The smoke demon misses you.
The smoke demon closely misses you. The large abomination hits you!!
* * * LOW HITPOINT WARNING * * *
The chaos spawn hits you but does no damage.
The large abomination hits you!
You die...

#.......#
#?...#.......
#....#.......#
#....#.......### # # #
#....#........... ..
#.#....#..........§ ..
#......#........... ..
#.....X#X.............
#≈3@4.!.######. ..
#≈##≈.#.#.# # .#.
♣≈#... #. #. .#.
#≈..#..# .....# .
.≈≈......#.....
.###...####.#.#..# #.
.##.. ... .#### .
#.#..#.# #


You could see 2 large abominations, a smoke demon and a chaos spawn.

Vanquished Creatures
  Erolcha (D:10)
  2 two-headed ogres
  Urug (D:10)
  5 skeletal warriors
  An unseen horror (D:11)
  A deep elf mage (D:10)
  An ugly thing (D:11)
  2 cyclopes (D:11)
  3 centaur zombies
  A manticore (D:11)
  A gargoyle (D:12)
  2 trolls (D:12)
  A hornet (D:10)
  2 hippogriffs (D:11)
  A shadow (D:11)
  A wyvern (D:8)
  9 yaks (D:11)
  4 hogs (D:8)
  A human (D:8)
  3 water moccasins
  3 sky beasts
  3 orc warriors
  An ice beast (D:8)
  A necrophage (D:8)
  5 ogres
  7 centaurs
  A crocodile (D:11)
  10 bullfrogs
  A big kobold (D:7)
  A small abomination (Abyss:2)
  4 scorpions
  3 howler monkeys (D:12)
  5 wights (D:8)
  A vampire bat (D:3)
  A bullfrog zombie (D:6)
  6 crimson imps
  5 hounds
  5 jellies
  8 orc priests
  2 centaur skeletons
  10 orc wizards
  4 bullfrog skeletons
  Ijyb (D:4)
  Natasha (thrice) (D:4)
  5 iguanas
  10 worker ants
  2 hound zombies
  2 worker ant zombies
  A howler monkey zombie (D:7)
  10 gnolls
  24 adders
  5 shadow imps
  An ufetubus (Abyss:2)
  An adder skeleton (D:8)
  3 worms
  A dart slug (D:2)
  9 leopard geckos
  34 orcs
  A ball python (D:2)
  7 giant cockroaches
  5 goblins
  9 hobgoblins
  3 jackals (D:9)
  12 kobolds
  3 quokkas
  13 bats
  7 frilled lizards
  A giant cockroach zombie (D:6)
  A quokka skeleton (D:5)
  13 rats
317 creatures vanquished.

Vanquished Creatures (others)
  2 fungi (D:9)
  2 plants (D:9)
  7 toadstools (D:1)
11 creatures vanquished.

Grand Total: 328 creatures vanquished

Notes
Turn   | Place    | Note
-------+----------+-------------------------------------------
     0 | D:1      | inmateoo the Mummy Fighter began the quest for the Orb.
     0 | D:1      | Reached XP level 1. HP: 18/18 MP: 1/1
   250 | D:1      | Reached XP level 2. HP: 24/24 MP: 2/2
  1065 | D:2      | Reached XP level 3. HP: 29/29 MP: 3/3
  1247 | D:2      | Reached XP level 4. HP: 17/35 MP: 4/4
  1252 | D:2      | Reached skill level 1 in Dodging
  1414 | D:2      | Found a deep blue altar of Sif Muna.
  1507 | D:2      | Found a radiant altar of Vehumet.
  1509 | D:2      | Found a hide-covered altar of Uskayaw.
  2054 | D:2      | Reached XP level 5. HP: 29/41 MP: 5/5
  2571 | D:3      | Reached XP level 6. HP: 48/48 MP: 6/6
  2685 | D:3      | Found a shattered altar of Ashenzari.
  3032 | D:4      | Noticed Ijyb
  3042 | D:4      | Paralysed by Ijyb for 3 turns
  3046 | D:4      | Killed Ijyb
  3223 | D:4      | Noticed Natasha
  3237 | D:4      | Killed Natasha
  3564 | D:4      | Reached XP level 7. HP: 46/54 MP: 7/7
  3653 | D:4      | Noticed Natasha
  3665 | D:4      | Killed Natasha
  3823 | D:4      | Noticed Natasha
  3828 | D:4      | Killed Natasha
  3965 | D:5      | Entered Level 5 of the Dungeon
  4814 | D:5      | Reached XP level 8. HP: 47/61 MP: 8/8
  5443 | D:5      | Reached skill level 5 in Long Blades
  5472 | D:5      | Reached skill level 5 in Fighting
  6533 | D:6      | Found a stormy altar of Qazlal.
  6866 | D:6      | Reached XP level 9. HP: 60/68 MP: 9/9
  7275 | D:7      | Found a snail-covered altar of Cheibriados.
  7275 | D:7      | Found Cheibriados's Comfort Zone.
  7285 | D:7      | Became a worshipper of Cheibriados the Contemplative
  7288 | D:7      | Bought a +5 plate armour of ponderousness for 300 gold
                  | pieces
  7326 | D:7      | Found a staircase to the Ecumenical Temple.
  7532 | D:7      | Found a sparkling altar of Nemelex Xobeh.
  7594 | D:7      | Found a shimmering altar of Xom.
  7596 | D:7      | Noticed an angel
  7599 | D:7      | Found a glowing silver altar of Zin.
  7719 | D:7      | Reached skill level 1 in Unarmed Combat
  7880 | D:8      | Reached skill level 5 in Shields
  7906 | D:8      | Reached skill level 2 in Unarmed Combat
  7989 | D:8      | Reached skill level 5 in Armour
  8005 | D:8      | Found a white marble altar of Elyvilon.
  8019 | D:8      | Reached * piety under Cheibriados
  8131 | D:8      | Reached skill level 3 in Unarmed Combat
  8345 | D:8      | Reached skill level 4 in Unarmed Combat
  8493 | D:8      | Reached ** piety under Cheibriados
  8694 | D:8      | Reached skill level 5 in Unarmed Combat
  8765 | D:8      | Reached XP level 10. HP: 67/76 MP: 10/10
  8769 | D:8      | Reached skill level 6 in Unarmed Combat
  8885 | D:9      | Found an iron altar of Okawaru.
  8991 | D:9      | Reached *** piety under Cheibriados
  9153 | D:9      | Found a runed translucent gate.
  9153 | D:9      | Found a runed translucent gate.
  9154 | D:9      | Found a runed translucent gate.
  9154 | D:9      | Noticed TBriggs11TB's ghost (novice DsBe)
  9252 | D:9      | Noticed a two-headed ogre
  9260 | D:9      | Killed a two-headed ogre
  9260 | D:9      | Reached skill level 7 in Unarmed Combat
  9260 | D:9      | Reached skill level 1 in Invocations
  9698 | D:10     | Entered Level 10 of the Dungeon
  9725 | D:10     | Noticed Erolcha
  9736 | D:10     | Killed Erolcha
  9736 | D:10     | Reached skill level 8 in Unarmed Combat
  9880 | D:10     | Noticed Urug
  9914 | D:10     | Killed Urug
 10556 | D:10     | Noticed a deep elf mage
 10566 | D:10     | Killed a deep elf mage
 10629 | D:10     | Reached XP level 11. HP: 81/81 MP: 13/13
 10675 | D:11     | Found a staircase to the Lair.
 10760 | D:11     | Reached skill level 9 in Unarmed Combat
 10893 | D:11     | Reached **** piety under Cheibriados
 10933 | D:11     | Noticed a two-headed ogre
 10946 | D:11     | Killed a two-headed ogre
 11071 | D:11     | Reached skill level 5 in Invocations
 11196 | D:11     | Reached skill level 10 in Unarmed Combat
 11267 | D:11     | Noticed a skeletal warrior
 11267 | D:11     | Noticed a skeletal warrior
 11268 | D:11     | Noticed a skeletal warrior
 11352 | D:11     | Noticed a purple ugly thing
 11362 | D:11     | Killed a purple ugly thing
 11651 | D:12     | Reached ***** piety under Cheibriados
 11690 | D:11     | Noticed a skeletal warrior
 11714 | D:12     | Killed a skeletal warrior
 11744 | D:11     | Noticed a skeletal warrior
 11762 | D:12     | Killed a skeletal warrior
 11762 | D:12     | Reached skill level 11 in Unarmed Combat
 11803 | D:12     | Killed a skeletal warrior
 11929 | D:11     | Killed a skeletal warrior
 11975 | D:11     | Killed a skeletal warrior
 11975 | D:11     | Reached XP level 12. HP: 58/88 MP: 16/16
 12124 | D:11     | Found a staircase to the Orcish Mines.
 12678 | D:12     | Reached skill level 12 in Unarmed Combat
 13189 | Orc:1    | Entered Level 1 of the Orcish Mines
 13195 | Orc:1    | Cast into level 2 of the Abyss (orc warrior)
 13254 | Abyss:2  | Slain by a large abomination

Skill      XL: |  1  2  3  4  5  6  7  8  9 10 11 12 |
---------------+-------------------------------------+-----
Long Blades    | 2 3 4 5 6 |  6.1
Dodging        | 1 2 3 4 |  4.0
Shields        | 3 4 5 |  5.0
Armour         | 3 4 5 |  5.0
Fighting       | 4 5 6 |  6.0
Unarmed Combat | 5 8 11 12 | 12.0
Invocations    | 3 6 |  6.0

Action                   |  1- 3 |  4- 6 |  7- 9 | 10-12 || total
-------------------------+-------+-------+-------+-------++-------
Melee: Long sword        |   123 |   309 |   370 |       ||   802
       Scimitar          |       |       |   195 |       ||   195
       Falchion          |       |       |    66 |   574 ||   640
       Unarmed           |       |       |       |    34 ||    34
Invok: Slouch            |       |       |       |     1 ||     1
Evoke: Wand              |       |       |     2 |     2 ||     4
  Use: Scroll            |       |     8 |     1 |     8 ||    17
 Stab: Paralysed         |       |       |     7 |     4 ||    11
Armor: Scale mail        |     5 |       |       |       ||     5
       Plate armour      |    76 |   253 |   374 |   240 ||   943
Dodge: Dodged            |    15 |    57 |   137 |   147 ||   356
Block: Shield            |    57 |   200 |   337 |   334 ||   928
       Rpst.: Long sword |     4 |    21 |    30 |       ||    55
       Scimitar          |       |       |    14 |       ||    14
       Falchion          |       |       |     8 |    35 ||    43
